 Dungeon Crawl Stone Soup version 0.29-a0-617-g7a6b98fccd (webtiles) character file.

Game seed: 11430729691555504223

195 IdlyInterested the Poker (level 5, -2/38 HPs)
             Began as a Demonspawn Gladiator on June 17, 2022.
             Slain by a gnoll
             ... wielding a +0 club
              (3 damage)
             ... on level 3 of the Dungeon.
             The game lasted 00:08:20 (2027 turns).

IdlyInterested the Poker (Demonspawn Gladiator)     Turns: 2027, Time: 00:08:22

Health: -2/38      AC:  8    Str: 16    XL:     5   Next: 45%
Magic:  5/5        EV: 12    Int:  9    God:
Gold:   125        SH:  0    Dex: 21    Spells: 4/4 levels left

rFire   . . .      SeeInvis .   a - +0 trident
rCold   . . .      Faith    .   (no shield)
rNeg    . . .      Spirit   .   t - +1 ring mail
rPois   .          Reflect  .   c - +0 helmet
rElec   .          Harm     .   f - +0 cloak
rCorr   .          Rampage  .   (no gloves)
Will    .....                   (no boots)
Stlth   +.........              (no amulet)
HPRegen 0.12/turn               o - +6 ring of dexterity
MPRegen 0.09/turn               (no ring)

@: invisible (expiring), unable to read
A: foul stench 1, weakness stinger 1, demonic touch 1, subdued magic 1,
inability to read while threatened
a: no special abilities


You were on level 3 of the Dungeon.
You visited 1 branch of the dungeon, and saw 3 of its levels.

You collected 125 gold pieces.

Inventory:

Hand Weapons
 a - a +0 trident (weapon)
Missiles
 d - 2 throwing nets
 r - 55 stones (quivered)
Armour
 b - a +0 leather armour
 c - a +0 helmet (worn)
 f - a +0 cloak (worn)
 t - a +1 ring mail (worn)
Jewellery
 o - a +6 ring of dexterity (left hand)
Scrolls
 h - a scroll of teleportation
 i - a scroll of fear
Potions
 s - a potion of resistance


   Skills:
 - Level 2.0 Fighting
 * Level 4.1 Polearms
 - Level 1.7 Throwing
 + Level 1.9 Armour
 - Level 2.9 Dodging
 * Level 2.6 Unarmed Combat


You had 4 spell levels left.
You didn't know any spells.
Your spell library contained the following spells:

 Spells                   Type           Power      Damage    Failure   Level
 Beastly Appendage        Tmut           0%         N/A       54%         1
 Wereblood                Tmut           0%         N/A       71%         2
 Spider Form              Tmut/Pois      0%         N/A       90%         3


Dungeon Overview and Level Annotations

Branches:
Dungeon (3/15)

Altars:


Innate Abilities, Weirdness & Mutations

You may rarely emit foul miasma when damaged in melee.
You have a small tail.
Your touch may inflict minor irresistible damage on your foes.
Your spells are a little easier to cast, but a little less powerful.
You sometimes lose the ability to read scrolls when taking damage.


Message History

The kobold throws a poisoned dart.
The poisoned dart misses Pargi.
The poisoned dart barely misses you.
The poisoned dart barely misses the gnoll.
The poisoned dart hits the gnoll!
The gnoll is poisoned.
The gnoll barely misses you. Pargi bites you.
You feel threatened and lose the ability to read scrolls!
* * * LOW HITPOINT WARNING * * *
Pargi claws you but does no damage. Pargi closely misses you.
Okay, then.
You hit Pargi but do no damage.
Pargi is almost dead.
You flicker for a moment.
You can read scrolls again.
Pargi misses you. Pargi claws you but does no damage. Pargi closely misses you.
The gnoll closely misses you.
Unknown command.
You catch the helpless Pargi completely off-guard!
You hit Pargi.
You touch Pargi.
You kill Pargi!
The gnoll barely misses you.
Your Polearms skill increases to level 4!
You have reached level 5!
Your demonic ancestry asserts itself...
You grow a small tail.
You hit the kobold.
You kill the kobold!
The gnoll barely misses you.
Throw: javelin
Press: ? - help, Shift-Dir - straight line, f - gnoll
Aim: a gnoll, wielding a +0 club (lightly wounded, can't see you, poisoned, 66% to hit)
You throw a javelin.
The javelin pierces through the gnoll but does no damage.
The gnoll is lightly wounded.
The javelin pierces through the gnoll!
You kill the gnoll!
The javelin pierces through the gnoll.
The gnoll is moderately wounded.
The gnoll hits you with a +0 club.
You feel threatened and lose the ability to read scrolls!
You die...

#.# #.# #.# #.# #.#
##. #.#######
#....######.g......
#...)@g).g(#
#..######?## ...
#.# . #.# #.# #.#
..# ###


You could see 2 gnolls and a hobgoblin (wandering, can't see you).

Vanquished Creatures
  Pargi (D:3)
  Natasha (thrice) (D:2)
  A gnoll (D:3)
  A dart slug (D:2)
  5 ball pythons (D:2)
  4 endoplasms
  7 goblins
  3 hobgoblins
  3 jackals (D:1)
  5 quokkas
  3 bats
  2 frilled lizards (D:2)
  3 kobolds
  3 rats
44 creatures vanquished.

Vanquished Creatures (others)
  35 plants (D:2)
35 creatures vanquished.

Grand Total: 79 creatures vanquished

Notes
Turn   | Place    | Note
-------+----------+-------------------------------------------
     0 | D:1      | IdlyInterested the Demonspawn Gladiator began the quest for
                  | the Orb.
     0 | D:1      | Reached XP level 1. HP: 16/16 MP: 1/1
   249 | D:1      | You fall into a shaft and drop 1 floor!
   350 | D:1      | Discovered your monstrous ancestry.
   350 | D:1      | Gained mutation: Your touch may inflict minor irresistible
                  | damage on your foes. [demonic ancestry]
   350 | D:1      | Reached XP level 2. HP: 22/22 MP: 2/2
   533 | D:1      | Found a faded altar of an unknown god.
   533 | D:1      | Noticed a great orb of eyes
   537 | D:1      | Reached skill level 3 in Polearms
   546 | D:1      | Noticed a golden eye
   550 | D:1      | Noticed an eye of devastation
   550 | D:1      | Noticed an eye of devastation
  1146 | D:2      | Gained mutation: You may rarely emit foul miasma when
                  | damaged in melee. [demonic ancestry]
  1146 | D:2      | Reached XP level 3. HP: 22/27 MP: 3/3
  1231 | D:2      | Reached skill level 1 in Unarmed Combat
  1319 | D:2      | Reached skill level 1 in Armour
  1432 | D:2      | Noticed Natasha
  1437 | D:2      | Killed Natasha
  1606 | D:2      | Reached XP level 4. HP: 30/33 MP: 4/4
  1730 | D:2      | Noticed Natasha
  1734 | D:2      | Killed Natasha
  1890 | D:2      | Noticed Natasha
  1895 | D:2      | Killed Natasha
  1989 | D:2      | Gained mutation: Your spells are a little easier to cast,
                  | but a little less powerful. [potion of mutation]
  1989 | D:2      | Gained mutation: You sometimes lose the ability to read
                  | scrolls when taking damage. [potion of mutation]
  2010 | D:3      | Noticed Pargi
  2023 | D:3      | HP: 1/33 [Pargi (2)]
  2025 | D:3      | Killed Pargi
  2026 | D:3      | Reached skill level 4 in Polearms
  2026 | D:3      | Gained mutation: You have a small tail. [demonic ancestry]
  2026 | D:3      | Reached XP level 5. HP: 1/38 MP: 5/5
  2027 | D:3      | Slain by a gnoll

Illustrated notes

Levels and vault maps discovered:
D:1:      minmay_arrival_plants_in_alcoves, layout_loops_ring,
          hellmonk_ecumenical_altar_watching_god
D:2:      layout_loops_ring, serial_bayou, serial_bayou_pond_a,
          serial_bayou_lagoon_a, serial_bayou_pond_b, serial_bayou_pond_d,
          serial_bayou_shore_b, serial_bayou_pond_d, st_stairs_10,
          kennysheep_generic_room_11, uniq_natasha
D:3:      minmay_chambers_of_threes, layout_loops_ring,
          mainiacjoe_overflow_small_starburst, uniq_pargi, uniq_terence

Skill      XL: |  1  2  3  4 |
---------------+-------------+-----
Polearms       | 3 4 |  4.1
Unarmed Combat | 1 2 |  2.6
Armour         | 1 |  1.9
Fighting       | |  2.0
Throwing       | |  1.7
Dodging        | |  2.9

Action                   |  1- 3 |  4- 6 || total
-------------------------+-------+-------++-------
Melee: Trident           |    84 |    20 ||   104
       Touch             |     6 |     4 ||    10
       Punch             |     1 |       ||     1
Throw: Throwing net      |       |     1 ||     1
       Javelin           |       |     1 ||     1
  Use: Scroll            |     9 |     1 ||    10
       Potion            |     3 |     2 ||     5
 Stab: Distracted        |     1 |       ||     1
       Invisible         |       |     2 ||     2
Armor: Leather armour    |    15 |       ||    15
       Ring mail         |    11 |     9 ||    20
Dodge: Dodged            |    47 |    25 ||    72

Table legend: (Time is in decaauts)
 A = Elapsed time spent in this place.
 B = Non-inter-level travel time spent in this place.
 C = Inter-level travel time spent in this place.
 D = Time resting spent in this place.
 E = Time spent auto-exploring this place.
 F = Levels seen in this place.
 G = Mean time per level.
                   A        B        C        D        E       F      G
               +--------+--------+--------+--------+--------+-----+--------+
         Total |   2064 |   2036 |     28 |    431 |   1208 |   3 |  688.0 |
       Dungeon |   2064 |   2036 |     28 |    431 |   1208 |   3 |  688.0 |
               +--------+--------+--------+--------+--------+-----+--------+

Top non-repeatable levels by time:
     D:2: 1176 daAuts
     D:1: 866 daAuts
     D:3: 21 daAuts
